 Dungeon Crawl Stone Soup version 0.20.0-15-g7f486f2 (webtiles) character file.

606 TheBoneZone the Shield-Bearer (level 7, -1/44 HPs)
             Began as a Gargoyle Fighter on June 13, 2017.
             Killed by divine providence
             ... invoked by an orc priest
              (12 damage)
             ... on level 4 of the Dungeon.
             The game lasted 00:10:38 (2561 turns).

TheBoneZone the Shield-Bearer (Gargoyle Fighter)    Turns: 2561, Time: 00:10:38

Health: -1/44      AC: 14    Str: 21    XL:     7   Next: 42%
Magic:  7/7        EV:  7    Int:  8    God:
Gold:   119        SH: 11    Dex: 10    Spells: 6/6 levels left

rFire    + . .     SeeInvis .   a - +1 rapier
rCold    . . .     Gourm    .   c - +1 shield
rNeg     + + .     Faith    .   b - +0 scale mail
rPois    ∞         Spirit   .   s - +1 helmet
rElec    +         Reflect  .   (no cloak)
rCorr    .         Harm     .   (no gloves)
MR       .....                  (no boots)
Stlth    ..........             (no amulet)
Regen    0.2/turn               e - ring of protection from fire
MPRegen  0.1/turn               k - ring of positive energy

@: no status effects
A: negative energy resistance 1, electricity resistance, unbreathing,
petrification resistance, rot immunity, AC +4
a: no special abilities


You were on level 4 of the Dungeon.
You were hungry.

You visited 1 branch of the dungeon, and saw 4 of its levels.

You collected 119 gold pieces.

Inventory:

Hand Weapons
 a - a +1 rapier (weapon)
Armour
 b - a +0 scale mail (worn)
 c - a +1 shield (worn)
 s - a +1 helmet (worn)
Jewellery
 e - a ring of protection from fire (left hand)
 k - a ring of positive energy (right hand)
Wands
 n - a wand of paralysis (19/24)
Scrolls
 g - a scroll of magic mapping {unknown}
 i - a scroll of amnesia
 j - 6 scrolls of identify
 p - a scroll of immolation {unknown}
 u - a scroll of remove curse
Potions
 d - 2 potions of might
 h - 4 potions of curing {unknown}
 m - a potion of invisibility {unknown}
 o - a potion of degeneration {unknown}
 q - 3 potions of resistance {unknown}
 r - a potion of brilliance {unknown}
 t - a potion of berserk rage {unknown}
 v - a potion of heal wounds
Comestibles
 f - a bread ration
 l - 2 meat rations


   Skills:
 + Level 5.4 Fighting
 + Level 3.7 Short Blades
 + Level 5.4 Armour
 + Level 5.4 Shields


You had 6 spell levels left.
You didn't know any spells.

Dungeon Overview and Level Annotations

Branches:
Dungeon (4/15)
 Temple: D:4-7

Altars:

Annotations:
D:4 Duvessa


Innate Abilities, Weirdness & Mutations

You are resistant to torment.
Your stone body is resilient. (AC +4)
You are immune to poison.
You resist negative energy. (rN+)
You are resistant to electric shocks. (rElec)
You can survive without breathing.
You are immune to petrification.
You are immune to rotting.


Message History

The orc wizard hits you but does no damage. x2
You barely miss the orc wizard.
The orc wizard is moderately wounded.
The orc wizard hits you but does no damage.
The orc priest calls upon Beogh to heal the orc wizard.
The orc wizard's wounds heal themselves!
The orc wizard hits you but does no damage.
You hit the orc wizard but do no damage.
The orc wizard hits you but does no damage.
Your shield and scale mail prevent you from hitting the orc wizard.
The orc wizard barely misses you. x2
You puncture the orc wizard!
The orc wizard is heavily wounded.
You block the orc wizard's attack.
You barely miss the orc wizard.
The orc wizard is heavily wounded.
You block the orc wizard's attack.
The orc priest invokes the aid of Beogh against you.
Beogh smites you!
You die...

#.# ###.# #.# #.#
#.# #.###########
#.# ##............
#.####....####.....
#......#......)####
####......######
####o(##.## #
#.@oo.....# #######
#.##o.###.# #......
#.##..# #.# #.#####
#.##..###.# #.# #
#.##...##.# #.#
#......##.###.#
#..#..........#
#..######.##..#
#..# #.##..#####


You could see 2 orc priests, an orc wizard and an orc.

Vanquished Creatures
  Edmund (D:4)
  The ghost of TheBoneZone the Insei, an amateur DsMo (D:3)
  Dowan (D:4)
  A howler monkey (D:3)
  A hound (D:4)
  4 worker ants
  Terence (D:2)
  Robin (D:4)
  6 adders
  2 oozes
  7 worms
  A dart slug (D:1)
  A leopard gecko (D:4)
  A ball python (D:2)
  3 giant cockroaches
  14 goblins
  11 hobgoblins
  6 jackals (D:4)
  A quokka (D:2)
  4 bats
  2 frilled lizards (D:2)
  3 kobolds
  6 rats
79 creatures vanquished.

Notes
Turn   | Place    | Note
-------+----------+-------------------------------------------
     0 | D:1      | TheBoneZone the Gargoyle Fighter began the quest for the Orb.
     0 | D:1      | Reached XP level 1. HP: 14/14 MP: 1/1
    58 | D:1      | Reached XP level 2. HP: 19/19 MP: 2/2
   599 | D:2      | Reached XP level 3. HP: 23/23 MP: 3/3
   646 | D:2      | Noticed Terence
   659 | D:2      | Killed Terence
   659 | D:2      | Reached XP level 4. HP: 25/29 MP: 4/4
  1256 | D:2      | Reached XP level 5. HP: 20/33 MP: 5/5
  1855 | D:3      | Noticed TheBoneZone's ghost (amateur DsMo)
  1877 | D:3      | Killed TheBoneZone's ghost
  1877 | D:3      | Reached XP level 6. HP: 27/39 MP: 6/6
  2012 | D:4      | Noticed Robin
  2057 | D:4      | Killed Robin
  2080 | D:4      | Noticed Edmund
  2094 | D:4      | Noticed Duvessa
  2109 | D:4      | Noticed Dowan
  2109 | D:4      | Killed Edmund
  2109 | D:4      | Reached skill level 5 in Fighting
  2109 | D:4      | Reached skill level 5 in Armour
  2109 | D:4      | Reached skill level 5 in Shields
  2170 | D:4      | Reached XP level 7. HP: 23/44 MP: 7/7
  2181 | D:4      | Killed Dowan
  2561 | D:4      | Killed from afar by an orc priest

Skill      XL: |  1  2  3  4  5  6 |
---------------+-------------------+-----
Short Blades   | 2 3 |  3.7
Armour         | 4 5 |  5.4
Fighting       | 4 5 |  5.4
Shields        | 4 5 |  5.4

Action                   |  1- 3 |  4- 6 |  7- 9 || total
-------------------------+-------+-------+-------++-------
Melee: Rapier            |    70 |   244 |    68 ||   382
  Use: Scroll            |     7 |     3 |       ||    10
       Potion            |       |       |     1 ||     1
  Eat: Bread ration      |       |     1 |       ||     1
       Chunk             |       |       |     1 ||     1
Armor: Scale mail        |    39 |    89 |    47 ||   175
Dodge: Dodged            |    20 |    41 |    16 ||    77
Block: Shield            |    41 |   117 |    44 ||   202
